 Dungeon Crawl Stone Soup version 0.30.0-16-gbe6223bb7e (webtiles) character file.

Game seed: 2547161533174010142

11357 dialectric the Slicer (level 11, -16/75 HPs)
             Began as a Demonspawn Fighter on May 20, 2023.
             Was an Initiate of Yredelemnul.
             Demolished by an orc warlord
             ... wielding a +0 great mace
              (35 damage)
             ... on level 2 of the Orcish Mines.
             The game lasted 00:15:52 (7778 turns).

dialectric the Slicer (Demonspawn Fighter)          Turns: 7778, Time: 00:15:52

Health: -16/75     AC: 14    Str: 21    XL:     11   Next: 48%
Magic:  11/11      EV: 17    Int: 18    God:    Yredelemnul [......]
Gold:   1335       SH:  0    Dex: 18    Spells: 10/10 levels left

rFire   . . .        u - +11 dagger "Yllumop" {freeze, *Rage rC- Int+9 Dex+5}
rCold   x . .        (no shield)
rNeg    . . .        M - +0 acid dragon scales
rPois   +            n - +0 helmet
rElec   .            J - +1 cloak
rCorr   +            (no gloves)
SInv    .            g - +0 pair of boots
Will    +....        t - amulet of faith
Stlth   +            A - ring of willpower
HPRegen 0.32/turn    r - ring of poison resistance
MPRegen 0.12/turn

%: random rage (20%), faith
@: on berserk cooldown, slowed, very slow
A: hooves 1, demonic guardian 2, powered by death 2, sharp scales 1, sturdy
frame 1
a: Renounce Religion, Recall Undead Harvest


You were on level 2 of the Orcish Mines.
You worshipped Yredelemnul.
Yredelemnul was noncommittal.
You visited 2 branches of the dungeon, and saw 12 of its levels.

You collected 1335 gold pieces.

Inventory:

Hand Weapons
 u - the +11 dagger "Yllumop" (weapon) {freeze, *Rage rC- Int+9 Dex+5}
   (You found it on level 3 of the Dungeon)

   Int:       It affects your intelligence (+9).
   Dex:       It affects your dexterity (+5).
   rC:        It makes you vulnerable to cold.
   *Rage:     It berserks you when you make melee attacks (+20% chance).
 I - a +4 quarterstaff of chaos
 L - a +2 scimitar of flaming
Missiles
 y - 10 poisoned darts (quivered)
 O - 3 throwing nets
Armour
 b - a +0 scale mail
 c - a +0 buckler
 g - a +0 pair of boots (worn)
 n - a +0 helmet (worn)
 J - a +1 cloak (worn)
 M - +0 acid dragon scales (worn)
Jewellery
 r - a ring of poison resistance (right hand)
 t - an amulet of faith (around neck)
 A - a ring of willpower (left hand)
 F - an amulet of magic regeneration
 P - a ring of protection from fire
Wands
 D - a wand of polymorph (2)
 E - a wand of acid (13)
 H - a wand of digging (15)
Scrolls
 f - 5 scrolls of identify
 o - a scroll of silence
 p - a scroll of poison
 q - a scroll of enchant weapon {unknown}
 s - 2 scrolls of immolation {unknown}
 v - 2 scrolls of vulnerability {unknown}
 x - 3 scrolls of teleportation
 z - 2 scrolls of torment {unknown}
 C - 2 scrolls of fog {unknown}
 Q - 3 scrolls of noise {unknown}
Potions
 a - a potion of lignification
 d - a potion of might
 e - 2 potions of heal wounds
 h - a potion of ambrosia
 i - 3 potions of magic
 j - 3 potions of attraction
 k - 5 potions of curing
 m - 4 potions of mutation
 B - a potion of haste {unknown}
 G - 3 potions of brilliance
 K - a potion of berserk rage
 N - a potion of flight
Miscellaneous
 l - a box of beasts (inert)


   Skills:
 - Level 3.0 Fighting
 + Level 10.2 Short Blades
 + Level 4.5 Maces & Flails
 + Level 0.8 Throwing
 + Level 9.2 Armour
 * Level 9.1 Dodging
 + Level 3.0 Shields


You had 10 spell levels left.
You didn't know any spells.
Your spell library contained the following spells:

 Spells                   Type           Power      Damage    Failure   Level
 Slow                     Hex            0%         N/A       24%         1
 Cigotuvi's Dreadful Rot  Necr/Pois/Air  0%         N/A       34%         2
 Confusing Touch          Hex            0%         N/A       56%         3
 Ignite Poison            Fire/Tmut/Pois 0%         N/A       56%         3
 Inner Flame              Hex/Fire       0%         N/A       56%         3
 Vampiric Draining        Necr           0%         2d6       56%         3
 Olgreb's Toxic Radiance  Pois           0%         N/A       93%         4
 Freezing Cloud           Conj/Ice/Air   0%         6-21      100%        5
 Yara's Violent Unravell  Hex/Tmut       0%         3d3       100%        5
 Enfeeble                 Hex            0%         N/A       100%        7
 Discord                  Hex            0%         N/A       100%        8
 Ignition                 Fire           0%         3d3       100%        8


Dungeon Overview and Level Annotations

Branches:
Dungeon (10/15)            Temple (0/1) D:5             Orc (2/2) D:10
    Elf (0/3) Orc:2
   Lair: D:8-11

Altars:
Dithmenos
Hepliaklqana
Kikubaaqudgha
Ru
Sif Muna
Vehumet
Yredelemnul

Shops:
D:2 [   D:4 :   D:8 *   D:10 [   Orc:1 (

Portals:
Bazaar: Orc:2

Annotations:
D:10 Snorg


Innate Abilities, Weirdness & Mutations

You have large cloven feet.
A demonic guardian rushes to your aid.
You regenerate health from kills.
You are partially covered in razor-sharp scales. (AC +1, Slay +1)
Your movements are slightly less encumbered by armour. (ER -2)


Message History

You hit the orc knight. You freeze the orc knight.
You kill the orc knight!
The dead are walking!
Things that are here:
a +0 great sword; a +0 plate armour You feel a strong urge to attack something.
You feel your anger nearly subside.
You are no longer berserk.
You are exhausted.
You feel yourself slow down.
You swap places.
Things that are here:
a +0 great sword; a +0 plate armour
There is a stone staircase leading down, spattered with blood here.
You swap places.
There is a stone staircase leading down, spattered with blood here.
You climb downwards.
Your mindless puppet stays behind to rot.
You hear coins being counted.
An interdimensional caravan has stopped on this level and set up a bazaar.
Hurry and find its entrance before they move on!
The orc warrior completely misses you.
The orc knight roars a battlecry!
The orcs go into a battle-frenzy!
The orc warlord closely misses you.
The orc warrior hits you with a +0 mace!
The orc wizard mumbles some strange words.
The orc wizard flickers and vanishes!
Deactivating autopickup; reactivate with Ctrl-A.
The orc warlord misses you.
There is a stone staircase leading up, spattered with blood here.
Unknown command.
Unknown command.
The orc warrior hits you with a +0 heavy battleaxe!!
* * * LOW HITPOINT WARNING * * *
A demonic guardian appears!
The orc warrior hits you but does no damage.
The orc closely misses you.
The orc warlord hits you with a +0 great mace!!
You die...
Your body rises from the dead as a mindless zombie.

......#................##........
............(.....#..............
#.........(o(......#.............
...........o.(ooo...#..........##
...........#...o...........Z...#.
............o[.......###))))###
.............4........###.#.###
...#......o.oo.......##..Z..Z#
..#........o@....#...##.ZZ..Z
##..#...#oo.#.###.####..#.#
############## ## ######


You could see an orc warlord (strong), an orc knight, 4 orc warriors, 2 orc
priests, 2 orc wizards, 3 orcs and a friendly ice devil (summoned).

Vanquished Creatures
  2 orc high priests (Orc:2)
  An orc knight (Orc:1)
  An orc sorcerer (Orc:1)
  2 cyclopes (Orc:2)
  Maggie (D:7)
  3 trolls
  A shadow (D:9)
  A vampire (D:10)
  6 yaks
  A wraith (D:10)
  2 steam dragons (D:7)
  3 water moccasins
  Duvessa (D:5)
  2 ice beasts
  2 sky beasts (D:7)
  16 orc warriors
  3 ogres
  A centaur (D:6)
  3 phantoms
  A kobold brigand (D:9)
  2 bullfrogs
  A scorpion (D:6)
  3 wights (D:8)
  Dowan (D:5)
  5 killer bees (D:8)
  An electric eel (D:8)
  3 howler monkeys (D:7)
  A jelly (D:4)
  Crazy Yiuf (D:6)
  16 orc priests
  4 hounds
  2 sleepcaps
  A gnoll bouda (D:8)
  2 iguanas
  14 orc wizards
  13 gnolls
  3 adders
  A shadow imp (D:6)
  2 white imps
  3 ufetubi
  2 worms
  4 dart slugs
  65 orcs
  8 ball pythons
  4 endoplasms
  5 giant cockroaches
  7 goblins
  10 hobgoblins
  10 jackals
  5 quokkas
  2 bats (D:2)
  2 frilled lizards
  8 kobolds
  2 rats
266 creatures vanquished.

Vanquished Creatures (collateral kills)
  A wyvern (D:9)
  An orc warrior (D:10)
  An ogre (Orc:2)
  A kobold brigand (D:8)
  2 scorpions (D:5)
  5 wights (D:8)
  A jelly (D:8)
  2 orc priests
  An orc wizard (D:10)
  2 gnolls (D:2)
  2 worms
  A dart slug (D:5)
  14 orcs
  An endoplasm (D:2)
  4 goblins
  A jackal (D:1)
  2 ball pythons
  A kobold (D:2)
  A rat (D:2)
44 creatures vanquished.

Vanquished Creatures (others)
  A cyclops zombie (Orc:2)
  A wyvern zombie (D:9)
  A wight (D:8)
  A troll zombie (Orc:2)
  A yak zombie (D:9)
  2 orc wizards (Orc:2)
  2 ogre zombies
  A howler monkey zombie (D:7)
  A spectral white imp (D:7)
  An orc (Orc:1)
  2 bat zombies (D:2)
  A ball python zombie (D:2)
  A dart slug zombie (D:3)
  An endoplasm zombie (D:1)
  A giant cockroach zombie (D:2)
  4 gnoll zombies
  A hobgoblin zombie (D:2)
  A jackal zombie (D:1)
  48 orc zombies
  A spectral ufetubus (D:6)
73 creatures vanquished.

Grand Total: 383 creatures vanquished

Notes
Turn   | Place    | Note
-------+----------+-------------------------------------------
     0 | D:1      | dialectric the Demonspawn Fighter began the quest for the
                  | Orb.
     0 | D:1      | Reached XP level 1. HP: 18/18 MP: 1/1
   262 | D:1      | Gained mutation: You have large cloven feet. [demonic
                  | ancestry]
   262 | D:1      | Reached XP level 2. HP: 21/24 MP: 2/2
   277 | D:1      | Found a faded altar of an unknown god.
   353 | D:1      | Prayed at the altar of an unknown god.
   353 | D:1      | Became a worshipper of Yredelemnul the Dark
   353 | D:1      | Reached * piety under Yredelemnul
   555 | D:1      | Reached XP level 3. HP: 29/29 MP: 3/3
   878 | D:2      | Found Cimoruyb's Antique Armour Boutique.
   891 | D:2      | Reached skill level 1 in Dodging
   895 | D:2      | Gained mutation: A weak demonic guardian rushes to your
                  | aid. [demonic ancestry]
   895 | D:2      | Reached XP level 4. HP: 17/35 MP: 4/4
  1144 | D:2      | Reached ** piety under Yredelemnul
  1547 | D:3      | Identified the +11 dagger "Yllumop" {freeze, *Rage rC-
                  | Int+9 Dex+5}
  1692 | D:3      | Found a shimmering blue altar of Sif Muna.
  1755 | D:3      | Gained mutation: You regenerate a little health from kills.
                  | [demonic ancestry]
  1755 | D:3      | Reached XP level 5. HP: 38/41 MP: 5/5
  1967 | D:3      | Reached *** piety under Yredelemnul
  2066 | D:4      | Reached skill level 1 in Short Blades
  2180 | D:4      | Gained mutation: You are partially covered in razor-sharp
                  | scales. (AC +1, Slay +1) [demonic ancestry]
  2180 | D:4      | Reached XP level 6. HP: 47/47 MP: 6/6
  2215 | D:4      | Found Veferr's Tremendous Tomes.
  2334 | D:4      | Found a shadowy altar of Dithmenos.
  2553 | D:5      | Entered Level 5 of the Dungeon
  2686 | D:5      | Reached skill level 2 in Short Blades
  2801 | D:5      | Noticed a water moccasin
  2810 | D:5      | Killed a water moccasin
  2826 | D:5      | Reached XP level 7. HP: 25/52 MP: 7/7
  2832 | D:5      | Reached skill level 3 in Short Blades
  3171 | D:5      | Found a sacrificial altar of Ru.
  3177 | D:5      | Reached skill level 5 in Armour
  3179 | D:5      | Noticed Duvessa
  3179 | D:5      | Noticed Dowan
  3185 | D:5      | Killed Duvessa
  3186 | D:5      | Reached skill level 4 in Short Blades
  3187 | D:5      | Killed Dowan
  3210 | D:5      | Found a staircase to the Ecumenical Temple.
  3292 | D:5      | Gained mutation: You regenerate health from kills. [demonic
                  | ancestry]
  3292 | D:5      | Reached XP level 8. HP: 58/58 MP: 8/8
  3408 | D:6      | Reached skill level 5 in Short Blades
  3666 | D:6      | Found a runed translucent door.
  3667 | D:6      | Noticed Crazy Yiuf
  3706 | D:6      | Found a basalt altar of Yredelemnul.
  3876 | D:6      | Killed Crazy Yiuf
  4092 | D:7      | Reached skill level 6 in Short Blades
  4155 | D:7      | Noticed Maggie
  4165 | D:7      | Killed Maggie
  4166 | D:7      | Gained mutation: A demonic guardian rushes to your aid.
                  | [demonic ancestry]
  4166 | D:7      | Reached XP level 9. HP: 57/63 MP: 9/9
  4772 | D:8      | Reached skill level 7 in Short Blades
  4929 | D:8      | Found Jiolob's Demolitions Depot.
  5006 | D:8      | Reached **** piety under Yredelemnul
  5089 | D:8      | Reached XP level 10. HP: 70/70 MP: 10/10
  5133 | D:8      | Reached skill level 5 in Dodging
  5139 | D:8      | Reached skill level 8 in Short Blades
  5458 | D:9      | Noticed a centaur warrior
  5459 | D:9      | Noticed a centaur warrior
  5461 | D:9      | Noticed a skeletal warrior
  5704 | D:8      | Found an ancient bone altar of Kikubaaqudgha.
  5716 | D:8      | Found a radiant altar of Vehumet.
  6103 | D:10     | Entered Level 10 of the Dungeon
  6180 | D:10     | Found a staircase to the Orcish Mines.
  6241 | Orc:1    | Entered Level 1 of the Orcish Mines
  6386 | D:10     | Gained mutation: You have an increased reservoir of magic.
                  | (+10% MP) [potion of mutation]
  6386 | D:10     | Lost mutation: You have an increased reservoir of magic.
                  | (+10% MP) [potion of mutation]
  6386 | D:10     | Gained mutation: Your movements are slightly less
                  | encumbered by armour. (ER -2) [potion of mutation]
  6646 | D:10     | Found a hazy altar of Hepliaklqana.
  6711 | D:10     | Found Oguyp Tyila's Armour Emporium.
  6842 | D:10     | Noticed a gargoyle
  6846 | D:10     | Noticed Snorg
  6912 | Orc:1    | You fall into a shaft and drop 1 floor!
  6912 | Orc:2    | Entered Level 2 of the Orcish Mines
  6912 | Orc:2    | Noticed a cyclops
  6921 | Orc:2    | Killed a cyclops
  6922 | Orc:2    | Reached skill level 9 in Short Blades
  6938 | Orc:1    | Found Optuxagg's Weapon Shop.
  6953 | Orc:1    | Noticed an orc sorcerer
  6962 | Orc:1    | Killed an orc sorcerer
  7149 | Orc:1    | Reached XP level 11. HP: 75/75 MP: 11/11
  7324 | Orc:2    | Found a flickering gateway to a bazaar.
  7646 | Orc:2    | Found a staircase to the Elven Halls.
  7651 | Orc:2    | Reached ***** piety under Yredelemnul
  7669 | Orc:2    | Noticed an orc high priest
  7683 | Orc:2    | Noticed an orc high priest
  7684 | Orc:2    | Killed an orc high priest
  7684 | Orc:2    | Reached ****** piety under Yredelemnul
  7685 | Orc:2    | Reached skill level 10 in Short Blades
  7689 | Orc:2    | Noticed an orc knight
  7689 | Orc:2    | Noticed an orc warlord
  7694 | Orc:2    | Killed an orc high priest
  7702 | Orc:2    | Noticed an orc knight
  7759 | Orc:1    | Killed an orc knight
  7778 | Orc:2    | Demolished by an orc warlord

Illustrated notes

Levels and vault maps discovered:
D:1:      dpeg_arrival_pond, layout_loops_ring, basic_ecumenical_altar,
          kennysheep_minor_cross, nicolae_titane
D:2:      layout_rooms, serial_shops, shop
D:3:      layout_loops_ring, mainiacjoe_overflow_alcove_1
D:4:      layout_loops_cross, grunt_dithmenos_smoke_and_mirrors,
          nicolae_shop_i_like_big_books
D:5:      layout_loops_cross, nicolae_ru_sacrificial_ziggurat,
          minmay_temple_entry_offerings, minmay_quadrilaterals, uniq_duvessa
D:6:      layout_cave_pools, yredelemnul_altar_generic,
          eino_small_chamber_without_monster, uniq_crazy_yiuf_cottage
D:7:      layout_gridville, elyvilon_altar_3, uniq_maggie
D:8:      layout_basic, zin_treasury, mainiacjoe_overflow_big_doors,
          serial_bayou_pond_b, hangedman_decor_riveting, nicolae_blasting_shop,
          reono_crystal_passage
D:9:      hangedman_cross_veins, layout_basic, bloody_trog,
          eat_drink_and_be_merry_uskayaw, hellmonk_lair_entry_icy,
          nicolae_water_bricks, worms_lemuel, uniq_grum
D:10:     layout_irregular_city, minitemple, lemuel_doored_altar, erik_orc_2,
          nicolae_take_the_stairs, grunt_ogre_cave, minmay_misc_feat_doors,
          uniq_snorg
Orc:1:    layout_caves, serial_shops, shop
Orc:2:    st_orc_congregation, layout_caves, serial_shops, bzr_entry_safe,
          nicolae_orc_bridge_out

Skill      XL: |  1  2  3  4  5  6  7  8  9 10 11 |
---------------+----------------------------------+-----
Maces & Flails | 2 3 4 |  4.5
Armour         | 3 4 5 7 8 9 |  9.2
Shields        | 3 |  3.0
Dodging        | 1 2 4 7 9 |  9.1
Short Blades   | 1 2 4 6 7 9 10 | 10.2
Fighting       | |  3.0
Throwing       | |  0.8

Action                     |  1- 3 |  4- 6 |  7- 9 | 10-12 || total
---------------------------+-------+-------+-------+-------++-------
  Melee: Flail             |    83 |    68 |       |       ||   151
         Dagger            |       |    84 |   197 |   333 ||   614
         Punch             |       |       |     2 |     2 ||     4
  Throw: Dart              |       |       |       |     7 ||     7
 Invoke: Recall Undead Har |       |       |       |     1 ||     1
  Evoke: Box of beasts     |       |       |       |     1 ||     1
    Use: Potion            |       |       |     1 |     5 ||     6
         Scroll            |       |       |     3 |     8 ||    11
   Stab: Distracted        |     1 |       |     1 |     2 ||     4
         Sleeping          |       |       |       |     1 ||     1
 Armour: Scale mail        |    51 |    61 |    49 |       ||   161
         Acid dragon scale |       |       |    37 |   109 ||   146
  Dodge: Dodged            |    49 |    70 |   101 |   230 ||   450
